 Dungeon Crawl Stone Soup version 0.27-a0-1136-g0b992a5a9d (webtiles) character file.

Game seed: 15506804732461206501

49 wakim the Sneak (level 3, 0/18 HPs)
             Began as a Vine Stalker Brigand on May 5, 2021.
             Slain by a bullfrog (3 damage)
             ... on level 2 of the Dungeon.
             The game lasted 00:02:32 (1592 turns).

wakim the Sneak (Vine Stalker Brigand)              Turns: 1592, Time: 00:02:32

Health: 0/18       AC:  3    Str: 13    XL:     3   Next: 75%
Magic:  0/4        EV: 12    Int: 11    God:
Gold:   41         SH:  0    Dex: 16    Spells: 2/2 levels left

rFire    . . .     SeeInvis .   a - +2 dagger
rCold    . . .     Faith    .   (no shield)
rNeg     . . .     Spirit   +   b - +0 robe
rPois    .         Reflect  .   (no helmet)
rElec    .         Harm     .   c - +0 cloak
rCorr    .         Rampage  .   (no gloves)
Will     .....                  (no boots)
Stlth    +++.......             (no amulet)
HPRegen  0.06/turn              (no ring)
MPRegen  0.09/turn              (no ring)

@: mighty
A: fangs 2, magic shield, antimagic bite, no potion heal 2
a: no special abilities


You were on level 2 of the Dungeon.
You visited 1 branch of the dungeon, and saw 2 of its levels.

You collected 41 gold pieces.

Inventory:

Hand Weapons
 a - a +2 dagger (weapon)
Missiles
 e - 2 curare-tipped darts {=f}
 f - 8 poisoned darts (quivered)
 h - a throwing net {=f!f}
Armour
 b - a +0 robe (worn)
 c - a +0 cloak (worn)


   Skills:
 + Level 2.1 Fighting
 * Level 2.3 Short Blades
 + Level 2.0 Throwing
 * Level 1.4 Dodging
 * Level 5.3 Stealth


You had 2 spell levels left.
You didn't know any spells.
Your spell library was empty.

Dungeon Overview and Level Annotations

Branches:
Dungeon (2/15)

Altars:


Innate Abilities, Weirdness & Mutations

You have extremely sharp teeth.
When hurt, damage is shared between your health and your magic reserves.
Your bite disrupts and absorbs the magic of your enemies.
Potions cannot restore your health.


Message History

You now have 41 gold pieces (gained 6).
An adder comes into view.
The helpless adder fails to defend itself.
You impale the adder!!
You kill the adder!
A quokka zombie comes into view.
You enter the shallow water.
Moving in this stuff is going to be slow.
Your unstable footing causes you to fumble your attack.
The helpless quokka zombie fails to defend itself.
You impale the quokka zombie!!
You destroy the quokka zombie!
Found a scroll labelled UTIXES FOMA.
d - a scroll labelled UTIXES FOMA
As you read the scroll labelled UTIXES FOMA, it crumbles to dust.
The air around you briefly surges with heat, but it dissipates.
It was a scroll of immolation.
A dart slug comes into view.
The helpless dart slug fails to defend itself.
You impale the dart slug!!
You kill the dart slug!
A bullfrog comes into view.
The bullfrog croaks.
You completely miss the bullfrog. The bullfrog hits you.
The bullfrog hits you but does no damage.
You barely miss the bullfrog. The bullfrog barely misses you.
Unknown command.
You barely miss the bullfrog. The bullfrog misses you. The bullfrog hits you.
You hit the bullfrog but do no damage. You bite the bullfrog.
You drain its power.
You feel invigorated.
The bullfrog is lightly wounded.
The bullfrog hits you.
* * * LOW HITPOINT WARNING * * *
The bullfrog closely misses you. The bullfrog hits you!
* * * LOW HITPOINT WARNING * * *
It was a potion of might.
You feel very mighty all of a sudden. The bullfrog hits you.
You die...

##.#.#####........# #
#.#..#.##.≈≈.≈.#.## .#
#.#....##≈≈≈≈≈≈#..##.#
#.#..#.##P≈≈≈........#
#.#..#.##.≈≈≈..##..###
#.#..#.##..PP..###.#
#.#..#.####..#.# #.## ##
#.#..#.####..#.###..###....
#.#..#......F@.............
#.#..######.##.####.######.
#. #+# #.##.# #.## #.
#.##.# #..# #. #.##.# ##.#
##+##. ..#.###....# #.#
#..... ........#### #.#
#..... !...###.##### #.##
#..... ............# #..#
#.....


You could see a bullfrog.

Vanquished Creatures
  An adder (D:2)
  4 dart slugs
  2 ball pythons (D:1)
  An endoplasm (D:1)
  A giant cockroach (D:1)
  4 goblins (D:1)
  5 hobgoblins (D:1)
  2 kobolds (D:1)
  A quokka (D:1)
  A ball python zombie (D:2)
  2 bats (D:1)
  2 frilled lizards (D:1)
  A quokka zombie (D:2)
  4 rats (D:1)
31 creatures vanquished.

Notes
Turn   | Place    | Note
-------+----------+-------------------------------------------
     0 | D:1      | wakim the Vine Stalker Brigand began the quest for the Orb.
     0 | D:1      | Reached XP level 1. HP: 11/11 MP: 2/2
    96 | D:1      | Reached skill level 1 in Dodging
    99 | D:1      | Reached skill level 5 in Stealth
    99 | D:1      | Reached XP level 2. HP: 13/15 MP: 1/3
   687 | D:1      | Reached XP level 3. HP: 10/18 MP: 2/4
  1576 | D:2      | Noticed a bullfrog
  1592 | D:2      | Slain by a bullfrog

Illustrated notes

Levels and vault maps discovered:
D:1:      minmay_arrival_four_loops, layout_basic, minmay_pentomino_o4
D:2:      layout_basic, ebering_ecumenical_altar_box, serial_undead,
          serial_undead_f, serial_undead_c, serial_undead_f, serial_undead_b,
          minivault_25, kennysheep_jessica_study

Skill      XL: |  1  2  3 |
---------------+----------+-----
Dodging        | 1 |  1.4
Short Blades   | 2 |  2.3
Stealth        | 5 |  5.3
Fighting       | 2 |  2.1
Throwing       | 2 |  2.0

Action                   || total
-------------------------++-------
Melee: Dagger            ||    70
       Bite              ||    16
  Use: Scroll            ||     3
       Potion            ||     1
 Stab: Sleeping          ||    13
Armor: Robe              ||    19
Dodge: Dodged            ||    26

Table legend: (Time is in decaauts)
 A = Elapsed time spent in this place.
 B = Non-inter-level travel time spent in this place.
 C = Inter-level travel time spent in this place.
 D = Time resting spent in this place.
 E = Time spent auto-exploring this place.
 F = Levels seen in this place.
 G = Mean time per level.
                   A        B        C        D        E       F      G
               +--------+--------+--------+--------+--------+-----+--------+
         Total |   1587 |   1574 |     13 |      0 |   1314 |   2 |  793.5 |
       Dungeon |   1587 |   1574 |     13 |      0 |   1314 |   2 |  793.5 |
               +--------+--------+--------+--------+--------+-----+--------+

Top non-repeatable levels by time:
     D:1: 1337 daAuts
     D:2: 249 daAuts
